 Dungeon Crawl Stone Soup version 0.19-a0-1107-gc676ff4 (webtiles) character file.

103308 junb69 the Fighter (level 15, -1/138 HPs)
             Began as a Demigod Gladiator on Aug 8, 2016.
             Slain by the 22-headed Lernaean hydra (12 damage)
             ... on level 4 of the Swamp on Aug 9, 2016.
             The game lasted 01:34:37 (27812 turns).

junb69 the Fighter (Demigod Gladiator)             Turns: 27812, Time: 01:34:38

Health: -1/138     AC: 20    Str: 24    XL:     15   Next: 42%
Magic:  18/18      EV: 16    Int: 16    God:
Gold:   1817       SH: 15    Dex: 16    Spells: 1 memorised, 8 levels left

rFire  . . .     SeeInvis .     d - +6 scimitar (flame)
rCold  . . .     Gourm    .     C - +0 scale mail
rNeg   + . .     Faith    .     F - +3 shield
rPois  +         Spirit   .     c - +0 helmet
rElec  +         Dismiss  .     b - +3 cloak "Sareut" {rElec rN+ Regen+}
rCorr  .         Reflect  .     q - +2 pair of gloves
SustAt +         Harm     .     B - +0 pair of boots
MR     +....                    n - amulet of regeneration
Stlth  ..........               O - ring of poison resistance
                                k - +2 ring of slaying

@: very slightly contaminated, invisible
A: high mp 1, sustain attributes
a: no special abilities


You were on level 4 of the Swamp.
You were hungry.

You visited 4 branches of the dungeon, and saw 26 of its levels.
You also visited: Sewer.

You collected 1911 gold pieces.
You spent 94 gold pieces at shops.

Inventory:

Hand Weapons
 d - a +6 scimitar of flaming (weapon)
 K - a +3 double sword of freezing
Missiles
 h - 3 throwing nets (quivered)
Armour
 b - the +3 cloak "Sareut" (worn) {rElec rN+ Regen+}
   (You found it on level 6 of the Dungeon)

   It insulates you from electricity.
   It protects you from negative energy.
   It increases your rate of regeneration.
 c - a +0 helmet (worn)
 q - a +2 pair of gloves (worn)
 B - a +0 pair of boots (worn)
 C - a +0 scale mail (worn)
 F - a +3 shield (worn)
Jewellery
 g - an uncursed ring of flight
 k - a +2 ring of slaying (left hand)
 n - an amulet of regeneration (around neck)
 v - an uncursed ring of protection from fire
 w - an uncursed ring of protection from cold
 O - a ring of poison resistance (right hand)
Wands
 o - a wand of paralysis (4/24)
 R - a wand of digging (4/24)
Scrolls
 m - a scroll of fear
 p - 14 scrolls of remove curse
 r - 3 scrolls of recharging
 s - 4 scrolls of identify
 A - 3 scrolls of fog
 H - a scroll of summoning
 J - 3 scrolls of enchant armour
 L - 2 scrolls of teleportation
 U - 2 scrolls of magic mapping
Potions
 e - 7 potions of lignification
 t - 7 potions of curing
 u - 5 potions of flight
 z - 3 potions of agility
 D - 2 potions of might
 E - a potion of resistance
 G - 2 potions of haste
 M - a potion of heal wounds
Comestibles
 a - 6 fruits
 f - 25 bread rations
 i - 7 royal jellies
 l - 13 meat rations
 x - 7 beef jerkies
 I - 8 slices of pizza


   Skills:
 * Level 14.2 Fighting
 - Level 14.0 Long Blades
 - Level 1.7 Throwing
 * Level 11.0 Armour
 - Level 10.2 Dodging
 - Level 10.0 Shields


You had 8 spell levels left.
You knew the following spells:

 Your Spells              Type           Power        Failure   Level  Hunger
a - Deflect Missiles      Chrm/Air       #.........   100%        6    #######


Dungeon Overview and Level Annotations

Branches:
Dungeon (15/15)            Temple (0/1) D:7            Lair (5/6) D:10
  Swamp (4/4) Lair:2        Snake (0/4) Lair:4        Slime (0/5) Lair:5
    Orc (2/2) D:11            Elf (0/3) Orc:2        Vaults (0/5) D:14
 Depths (0/5) D:15

Shops:
Orc:2 }[((

Annotations:
D:14 exclusion: Roxanne, Roxanne
Lair:5 exclusion: ice statue
Swamp:4 Lernaean hydra


Innate Abilities, Weirdness & Mutations

You have an increased reservoir of magic. (+10% MP)
Your attributes are resistant to harm.


Message History

The 22-headed Lernaean hydra bites you!
You block the 22-headed Lernaean hydra's attack.
The 22-headed Lernaean hydra bites you!
* * * LOW HITPOINT WARNING * * *
The 22-headed Lernaean hydra bites you but does no damage. x2
You block the 22-headed Lernaean hydra's attack.
The 22-headed Lernaean hydra bites you but does no damage. x2
The 22-headed Lernaean hydra barely misses you. x2
The 22-headed Lernaean hydra bites you but does no damage.
The 22-headed Lernaean hydra bites you.
* * * LOW HITPOINT WARNING * * *
The 22-headed Lernaean hydra bites you!
* * * LOW HITPOINT WARNING * * *
The 22-headed Lernaean hydra bites you but does no damage.
The 22-headed Lernaean hydra misses you.
The 22-headed Lernaean hydra bites you.
* * * LOW HITPOINT WARNING * * *
The 22-headed Lernaean hydra bites you but does no damage. x2
The 22-headed Lernaean hydra bites you!
You die...

..≈≈≈≈.≈≈♣≈≈.≈≈≈≈≈≈.≈♣♣..♣♣.....≈
.≈≈≈≈≈≈≈≈≈≈≈≈≈≈≈≈≈≈≈.§.≈.♣♣♣≈≈≈≈♣
.≈≈≈≈≈≈.≈.≈≈≈≈≈≈≈≈≈≈.....♣ ♣♣..♣♣
♣.≈≈≈.≈..≈≈≈≈≈≈≈≈≈≈..≈♣♣♣♣ ♣.≈.♣
.≈≈≈.....≈≈≈≈≈§≈≈≈≈≈.≈♣ ♣♣♣♣.≈.♣♣
≈≈....≈...≈≈≈≈≈≈≈≈≈≈≈.♣♣♣..).≈..♣
♣♣≈♣≈≈..♣§.§♣.≈≈≈≈≈≈≈≈≈♣≈.≈.♣♣♣♣♣
≈.♣♣♣≈♣♣.≈♣♣♣≈.D..≈≈≈≈≈........♣♣
.. ♣♣♣♣♣≈♣≈♣♣..@..≈≈≈≈.≈≈≈.≈≈≈≈♣
♣♣ ♣♣§.♣♣.♣♣.....♣♣≈≈≈§≈≈≈.♣ ♣
♣♣♣♣♣♣♣...≈♣♣♣♣≈.§≈..≈≈♣ ♣
♣♣♣≈♣..≈.[..≈♣♣ ♣♣♣♣♣♣.≈.♣ ♣♣♣
♣§...[§≈≈.≈≈≈≈♣ ♣♣.♣♣ ..♣♣
♣♣.≈..≈≈..≈≈≈.♣ ♣♣§♣ ≈≈.♣♣
♣≈≈≈.≈÷.÷≈≈≈≈♣ ♣≈.♣ ≈≈≈.♣
♣≈≈≈.<≈.....♣♣ ♣♣♣♣ ..≈♣♣
♣..≈.♣.§≈♣♣♣♣♣


You could see the 22-headed Lernaean hydra.

Vanquished Creatures
  2 very ugly things
  Azrael (D:15)
  A yaktaur captain (D:15)
  An ice dragon (Lair:5)
  11 hydras
  A catoblepas (Lair:5)
  Erica (D:8)
  5 centaur warriors
  2 death knights
  8 alligators
  6 death yaks (Lair:4)
  Urug (Orc:1)
  4 orc high priests
  Sonja (D:15)
  Nergalle (D:11)
  A spriggan druid (Swamp:3)
  7 swamp dragons
  2 unseen horrors
  6 hill giants
  4 orc knights (Orc:2)
  Pikel (D:8)
  A harpy (shapeshifter) (D:14)
  A wolf spider zombie (D:15)
  2 griffons
  The ghost of B1inky the Ducker, a novice DsMo of Gozag (D:10)
  2 deep elf magi
  9 orc sorcerers
  A hornet (Swamp:2)
  20 ugly things
  A manticore (D:13)
  3 centaur zombies
  2 cyclopes
  5 elephants
  A black mamba (Lair:3)
  Psyche (D:8)
  Maurice (Orc:1)
  A smoke demon (D:15)
  2 gargoyles (D:14)
  10 spiny frogs
  7 komodo dragons
  A rime drake (Lair:2)
  7 centaur skeletons
  An ice devil (D:15)
  2 freezing wraiths (D:15)
  A tengu conjurer (D:13)
  The ghost of crawlian the Firebug, a novice DEFE (D:5)
  3 giant leeches
  2 polar bears
  12 slime creatures
  Grinder (D:4)
  4 two-headed ogres
  4 bog bodies
  5 trolls
  7 blink frogs
  A shadow (D:14)
  2 vampires
  5 spriggans
  2 wraiths
  3 fire elementals (D:15)
  A human (D:10)
  12 yaks
  A warg (D:11)
  3 hungry ghosts
  A hog (D:10)
  3 steam dragons
  4 basilisks
  8 hippogriffs
  9 vampire mosquitoes
  2 nagas (Lair:4)
  12 swamp worms
  9 insubstantial wisps (Swamp:4)
  2 soldier ants
  2 mottled dragons
  2 hell hounds (D:15)
  A porcupine (Lair:1)
  10 swamp drakes
  8 water moccasins
  23 orc warriors
  11 ice beasts
  3 sky beasts
  10 wasps
  A necrophage (D:8)
  5 phantoms
  An eye of draining (D:13)
  6 boggarts
  9 wolves
  24 centaurs
  9 ogres
  7 crocodiles
  28 giant frogs
  2 scorpions
  8 killer bees
  13 wights
  An electric eel (Lair:2)
  7 howler monkeys
  14 crimson imps
  A quasit (D:13)
  7 hounds
  3 giant frog skeletons
  14 orc priests
  Crazy Yiuf (D:7)
  4 jellies
  30 orc wizards
  9 iguanas
  3 worker ants
  7 sheep
  2 hound skeletons
  A hound zombie (D:11)
  Robin (D:3)
  3 gnolls (D:4)
  21 river rats
  10 adders
  7 shadow imps
  7 white imps
  5 oozes
  An adder zombie (D:6)
  An adder skeleton (D:8)
  A dart slug (D:5)
  7 worms
  6 giant geckos
  88 orcs
  3 ball pythons
  6 giant cockroaches
  8 goblins
  9 hobgoblins
  14 jackals
  10 kobolds
  4 quokkas
  15 bats
  A giant cockroach zombie (D:6)
  2 giant newts
  2 jackal skeletons
  7 rats
  2 fungi (D:7)
797 creatures vanquished.

Vanquished Creatures (collateral kills)
  4 river rats (Lair:2)
4 creatures vanquished.

Vanquished Creatures (others)
  A wolf spider (D:9)
  A yaktaur (D:15)
  A slave (D:8)
  A howler monkey (D:8)
  An orc wizard (Orc:1)
  A giant gecko (D:8)
  3 plants (Lair:4)
9 creatures vanquished.

Grand Total: 810 creatures vanquished

Notes
Turn   | Place    | Note
-------+----------+-------------------------------------------
     0 | D:1      | junb69 the Demigod Gladiator began the quest for the Orb.
     0 | D:1      | Reached XP level 1. HP: 17/17 MP: 3/3
   593 | D:1      | Reached XP level 2. HP: 16/24 MP: 4/4
  1244 | D:2      | Reached XP level 3. HP: 27/29 MP: 5/5
  1320 | D:2      | Found a radiant altar of Vehumet.
  1320 | D:2      | Found an ancient bone altar of Kikubaaqudgha.
  1322 | D:2      | Found a deep blue altar of Sif Muna.
  1339 | D:2      | Identified Vehumet's Collected Works on Conjuration
  1396 | D:2      | Found an opulent altar of Gozag.
  1797 | D:2      | Found a glowing golden altar of the Shining One.
  1902 | D:2      | Reached XP level 4. HP: 37/37 MP: 6/6
  2386 | D:3      | Noticed Robin
  2396 | D:3      | Killed Robin
  2604 | D:3      | Found a white marble altar of Elyvilon.
  2864 | D:3      | Reached XP level 5. HP: 38/45 MP: 7/7
  3482 | D:4      | Reached skill level 5 in Long Blades
  3590 | D:4      | Found a shadowy altar of Dithmenos.
  3663 | D:4      | Noticed Grinder
  3702 | D:4      | Paralysed by Grinder for 5 turns
  3709 | D:4      | Reached XP level 6. HP: 31/62 MP: 8/8
  3714 | D:4      | Killed Grinder
  3714 | D:4      | Reached XP level 7. HP: 25/69 MP: 9/9
  4246 | D:4      | Found a snail-covered altar of Cheibriados.
  4268 | D:4      | Found a bloodstained altar of Trog.
  4311 | D:5      | Entered Level 5 of the Dungeon
  4314 | D:5      | Noticed crawlian's ghost (novice DEFE)
  4324 | D:5      | Killed crawlian's ghost
  4514 | D:5      | Reached XP level 8. HP: 67/78 MP: 10/10
  4926 | D:5      | Reached skill level 10 in Long Blades
  5227 | D:6      | Got a crude cloak
  5238 | D:6      | Identified the +3 cloak "Sareut" {rElec rN+ Regen+} (You found it on level 6 of the Dungeon)
  5404 | D:6      | Found a glowing drain.
  5412 | Sewer    | Entered a sewer
  5417 | Sewer    | Reached skill level 1 in Armour
  6168 | D:6      | Found a shattered altar of Ashenzari.
  6922 | D:7      | Found a staircase to the Ecumenical Temple.
  6985 | D:7      | Reached skill level 1 in Shields
  7285 | D:7      | Reached XP level 9. HP: 84/84 MP: 11/11
  7565 | D:7      | Found a runed door.
  7569 | D:7      | Noticed Crazy Yiuf
  7575 | D:7      | Killed Crazy Yiuf
  7736 | D:8      | Noticed Erica
  7756 | D:8      | Noticed Pikel
  7918 | D:8      | Noticed Psyche
  7956 | D:8      | Killed Psyche
  8383 | D:8      | Killed Pikel
  8383 | D:8      | Reached skill level 5 in Armour
  8440 | D:8      | Reached XP level 10. HP: 86/91 MP: 13/13
  8480 | D:8      | Killed Erica
  8641 | D:8      | Found a hazy altar of Hepliaklqana.
  8643 | D:8      | Found a shimmering altar of Xom.
  8858 | D:8      | Upgraded the game from 0.19-a0-1097-g38e3b35 to 0.19-a0-1107-gc676ff4
  8914 | D:9      | Found a sacrificial altar of Ru.
  9530 | D:9      | Found an oddly glowing altar of Pakellas.
  9530 | D:9      | Noticed a wolf spider
  9542 | D:9      | Killed a wolf spider
  9605 | D:10     | Entered Level 10 of the Dungeon
 10055 | D:10     | Found a staircase to the Lair.
 10205 | D:10     | Killed an unseen horror
 10303 | D:10     | Noticed B1inky's ghost (novice DsMo)
 10399 | D:10     | Killed B1inky's ghost
 10530 | D:10     | Reached XP level 11. HP: 97/97 MP: 14/14
 10971 | Lair:1   | Entered Level 1 of the Lair of Beasts
 11223 | Lair:1   | Learned a level 6 spell: Deflect Missiles
 12129 | Lair:2   | Reached skill level 10 in Fighting
 12274 | Lair:2   | Reached skill level 10 in Armour
 12292 | Lair:2   | Found a staircase to the Swamp.
 12552 | Lair:2   | Reached skill level 5 in Dodging
 12703 | Lair:2   | Identified a scroll of acquirement
 13906 | Lair:4   | Reached skill level 5 in Shields
 13971 | Lair:4   | Found a staircase to the Snake Pit.
 14296 | Lair:4   | Reached XP level 12. HP: 84/106 MP: 15/15
 14835 | Lair:5   | Noticed an ice dragon
 14851 | Lair:5   | Killed an ice dragon
 15284 | Lair:5   | Found a staircase to the Slime Pits.
 15492 | Lair:5   | Noticed a catoblepas
 15502 | Lair:5   | Killed a catoblepas
 16183 | D:11     | Noticed Nergalle
 16199 | D:11     | Killed Nergalle
 16275 | D:11     | Reached skill level 10 in Dodging
 16357 | D:11     | Noticed a seven-headed hydra
 16366 | D:11     | Killed a three-headed hydra
 16590 | D:11     | Found a staircase to the Orcish Mines.
 16827 | Orc:1    | Entered Level 1 of the Orcish Mines
 16827 | Orc:1    | Found a burning altar of Makhleb.
 17551 | Orc:1    | Noticed Maurice
 17556 | Orc:1    | Reached XP level 13. HP: 113/113 MP: 16/16
 17570 | Orc:1    | Killed Maurice
 17950 | Orc:1    | Noticed Urug
 17981 | Orc:1    | Killed Urug
 18283 | Orc:2    | Entered Level 2 of the Orcish Mines
 18896 | Orc:2    | Found a staircase to the Elven Halls.
 19773 | Orc:2    | Found Qagiu's Antique Weapon Shoppe.
 19779 | Orc:2    | Found Joloz's Antique Weapon Shop.
 19812 | Orc:2    | Found Felom's Antique Armour Shop.
 19814 | Orc:2    | Found Efonui's Gadget Shoppe.
 19869 | Orc:2    | Bought a pair of boots for 94 gold pieces
 20811 | D:12     | Got a jewelled shield
 20812 | D:12     | Identified the +0 shield "Alyirpho" {+Blink} (You acquired it on level 12 of the Dungeon)
 20850 | D:13     | Found a labyrinth entrance.
 20872 | D:13     | HP: 2/113 [white ugly thing (29)]
 20887 | D:13     | HP: 4/113 [something (9)]
 21527 | D:13     | You fall through a shaft for 2 floors!
 21527 | D:15     | Entered Level 15 of the Dungeon
 21652 | D:14     | Found a sacrificial altar of Ru.
 21759 | D:14     | Noticed Roxanne
 22159 | D:14     | Reached XP level 14. HP: 122/122 MP: 17/17
 22852 | D:14     | Found a gate to the Vaults.
 23731 | D:15     | Noticed Azrael
 23743 | D:15     | Killed Azrael
 24021 | D:15     | Found a staircase to the Depths.
 24037 | D:15     | Noticed Sonja
 24135 | D:15     | Killed Sonja
 24743 | Swamp:1  | Entered Level 1 of the Swamp
 26328 | Swamp:3  | Reached XP level 15. HP: 121/137 MP: 18/18
 26861 | Swamp:3  | Reached skill level 10 in Shields
 26901 | Swamp:4  | Entered Level 4 of the Swamp
 27368 | Swamp:4  | Noticed the 27-headed Lernaean hydra
 27812 | Swamp:4  | Slain by the 22-headed Lernaean hydra

Vault maps used:
D:1:      onia_arrival_mini_maze_b, nrook_mini_vaults
D:2:      grunt_temple_overflow_magic_moments, lemuel_round_altar,
          old_standard_altar, first_bread, minmay_fountain_box
D:3:      elyvilon_altar_5, kennysheep_generic_room_8, uniq_robin
D:4:      nicolae_overflow_hidden_temple, nicolae_dithmenos_shadow_blocks,
          kennysheep_mini, uniq_grinder
D:5:      kennysheep_spiral_hall
D:6:      nicolae_overflow_crystal_walls, lightli_sewer_entry_pipes, minivault_1
D:7:      uniq_crazy_yiuf_cottage
D:8:      regret_index_temple_of_mockery, uniq_psyche, uniq_erica, uniq_pikel
D:9:      gammafunk_pakellas_its_alive, basic_altar
D:10:     erik_lair_dragon, grunt_livestock
D:11:     orc_0_dummy, uniq_nergalle
D:13:     lab_entry_generic
D:14:     david_vaults_1, dk_noncrumbling_2, nicolae_ru_awakened_eye,
          uniq_roxanne
D:15:     grunt_enter_depths_snipers, grunt_decor_one_mirror,
          hangedman_abyss_or_decor_stabs, minmay_fire_ice_demons, uniq_azrael,
          uniq_sonja
Lair:1:   lemuel_fruit_fields
Lair:2:   minmay_swamp_entry_reptiles, serial_bayou, serial_bayou_lake_a,
          grunt_forest_large_clearings
Lair:3:   bobbens_dragon_lair_wall, lemuel_fruit_fields
Lair:4:   guppyfry_snake_entry_garden
Lair:5:   minmay_slime_entry_pillars, ice2_lemuel
Swamp:1:  hangedman_swamp_blocks, grunt_hermit_hut
Swamp:2:  infiniplex_staircase_pool_2
Swamp:3:  hangedman_swamp_pad
Swamp:4:  swamp_old_school
Orc:1:    nicolae_orc_bridge_out, bloody_makhleb, uniq_urug, uniq_maurice
Orc:2:    st_orc_elflike
Sewer:    sewer_fruit_machine

Skill      XL: |  1  2  3  4  5  6  7  8  9 10 11 12 13 14 15 |
---------------+----------------------------------------------+-----
Long Blades    | 3 4 9 10 14 | 14.0
Fighting       | 2 3 8 9 10 13 14 | 14.2
Armour         | 2 5 8 10 11 | 11.0
Shields        | 1 4 5 7 9 10 | 10.0
Dodging        | 3 4 7 10 | 10.2
Throwing       | |  1.7

Action                   |  1- 3 |  4- 6 |  7- 9 | 10-12 | 13-15 || total
-------------------------+-------+-------+-------+-------+-------++-------
Melee: Long sword        |   124 |   176 |   310 |       |       ||   610
       Scimitar          |       |       |   242 |   927 |   659 ||  1828
       Double sword      |       |       |       |       |   894 ||   894
Throw: Throwing net      |       |     4 |     2 |       |     1 ||     7
 Abil: Evoke Blink       |       |       |       |       |     1 ||     1
Evoke: Wand              |       |     1 |    10 |       |     5 ||    16
  Use: Scroll            |       |     3 |    10 |    23 |    17 ||    53
       Potion            |       |     5 |     5 |     2 |     2 ||    14
 Stab: Paralysed         |       |     8 |    11 |       |     1 ||    20
       Held in net/web   |       |       |     1 |       |       ||     1
       Distracted        |       |       |       |     1 |       ||     1
       Invisible         |       |       |       |       |     2 ||     2
  Eat: Chunk             |     9 |    13 |     8 |    20 |    21 ||    71
       Bread ration      |       |       |       |     1 |     1 ||     2
       Fruit             |       |       |       |    11 |     7 ||    18
       Pizza             |       |       |       |       |     1 ||     1
Armor: Leather armour    |    18 |     1 |       |       |       ||    19
       Ring mail         |       |    47 |    63 |       |       ||   110
       Skin              |       |    10 |    38 |       |       ||    48
       Scale mail        |       |       |    82 |   298 |   404 ||   784
Dodge: Dodged            |    70 |    79 |   168 |   357 |   553 ||  1227
Block: Buckler           |       |     6 |    54 |    13 |       ||    73
       Shield            |       |       |       |   545 |   980 ||  1525
